[ PARTIDA AOE2 · #495209607 ]
UnrankedTeutones vs Lithuanians
Equipo del jugador · VICT
Equipo rival · DERR
[ ANÁLISIS DE REPETICIÓN · EXTRAÍDO DE LA PARTIDA GRABADA ]
Feudal
8:27
Castillos
25:09
Imperial
—
| APM promedio | 40.8 |
| APM pico | 86 |
| eAPM promedio | 23.8 |
| Aldeanos / militares | 104 / 193 |
Foco
⚔️ 39.8% · 🌾 60.2%
Knight ×104 · Teutonic Knight ×36 · Battering Ram ×32 · Monk ×8 · Mangonel ×8 · Scorpion ×5
Feudal
8:47
Castillos
23:37
Imperial
—
| APM promedio | 64.3 |
| APM pico | 102 |
| eAPM promedio | 25.6 |
| Aldeanos / militares | 92 / 78 |
Foco
⚔️ 24.5% · 🌾 75.5%
Archer ×28 · Leitis ×28 · Monk ×13 · Mangonel ×4 · Battering Ram ×3 · Militia ×2
Mapa de la partida
Recursos iniciales + cada clic de construcción. Líneas = muros · curvas = relieve. ◆ oro · ⬟ piedra · ● bayas · ✦ reliquia · ◌ hueco del cierre
Tu base· Abierta — flanco sin cerrar
Base de seabook· Abierta — flanco sin cerrar
Terreno inicial suavizado · ◌ = hueco del cierre detectado · pasá el cursor para detalles
Inputs por minuto
— Drug0s - - seabook
Build order — Drug0s
Primeras 150 de 533 acciones detectadas
| 0:01 | Encolar | Villager (Male) |
| 0:01 | Encolar | Villager (Male) |
| 0:01 | Encolar | Villager (Male) |
| 0:02 | Construir | House |
| 0:04 | Construir | House |
| 0:06 | Encolar | Villager (Male) |
| 0:06 | Encolar | Villager (Male) |
| 1:24 | Encolar | Villager (Male) |
| 1:53 | Encolar | Villager (Male) |
| 1:54 | Encolar | Villager (Male) |
| 2:02 | Construir | Lumber Camp |
| 2:22 | Encolar | Villager (Male) |
| 2:22 | Encolar | Villager (Male) |
| 2:53 | Encolar | Villager (Male) |
| 3:00 | Encolar | Villager (Male) |
| 3:00 | Encolar | Villager (Male) |
| 3:33 | Encolar | Villager (Male) |
| 3:33 | Encolar | Villager (Male) |
| 3:51 | Construir | House |
| 4:02 | Encolar | Villager (Male) |
| 4:03 | Encolar | Villager (Male) |
| 4:33 | Construir | Mill |
| 4:34 | Encolar | Villager (Male) |
| 4:34 | Encolar | Villager (Male) |
| 4:49 | Encolar | Villager (Male) |
| 4:50 | Encolar | Villager (Male) |
| 5:48 | Investigar | Loom |
| 6:17 | Investigar | Feudal Age |
| 6:17 | Investigar | Feudal Age |
| 6:34 | Construir | Mining Camp |
| 7:12 | Construir | Palisade Wall |
| 7:19 | Encolar | Villager (Male) |
| 7:54 | Construir | House |
| 8:27 | Edad | Edad Feudal |
| 8:39 | Construir | Watch Tower |
| 8:51 | Encolar | Villager (Male) |
| 9:08 | Encolar | Villager (Male) |
| 9:13 | Encolar | Villager (Male) |
| 9:21 | Construir | Watch Tower |
| 9:28 | Construir | House |
| 9:41 | Construir | Palisade Wall |
| 9:43 | Construir | House |
| 9:49 | Construir | House |
| 9:56 | Construir | Palisade Wall |
| 9:58 | Construir | Palisade Wall |
| 10:03 | Construir | Palisade Wall |
| 10:04 | Construir | Palisade Wall |
| 10:07 | Construir | Palisade Wall |
| 10:23 | Construir | Palisade Wall |
| 10:24 | Construir | Palisade Wall |
| 10:25 | Construir | Palisade Wall |
| 10:27 | Construir | Palisade Wall |
| 10:31 | Encolar | Villager (Male) |
| 10:35 | Encolar | Villager (Male) |
| 10:35 | Encolar | Villager (Male) |
| 10:46 | Construir | Palisade Wall |
| 10:48 | Construir | Palisade Wall |
| 10:55 | Encolar | Villager (Male) |
| 11:45 | Construir | Watch Tower |
| 11:46 | Encolar | Villager (Male) |
| 12:09 | Encolar | Villager (Male) |
| 12:25 | Construir | Blacksmith |
| 12:26 | Construir | House |
| 12:38 | Construir | Watch Tower |
| 12:52 | Encolar | Villager (Male) |
| 13:04 | Construir | Palisade Wall |
| 13:05 | Construir | Palisade Wall |
| 13:06 | Construir | Palisade Wall |
| 13:07 | Construir | Palisade Wall |
| 13:16 | Construir | Farm |
| 13:28 | Construir | Watch Tower |
| 13:45 | Encolar | Villager (Male) |
| 13:47 | Construir | Farm |
| 14:07 | Investigar | Fletching |
| 14:07 | Investigar | Fletching |
| 14:14 | Construir | Farm |
| 14:17 | Construir | House |
| 14:19 | Construir | Palisade Wall |
| 14:30 | Construir | Outpost |
| 15:00 | Construir | Watch Tower |
| 15:06 | Construir | Palisade Wall |
| 15:07 | Construir | Palisade Wall |
| 15:27 | Construir | Watch Tower |
| 15:35 | Encolar | Villager (Male) |
| 16:13 | Encolar | Villager (Male) |
| 16:21 | Construir | House |
| 16:22 | Construir | Palisade Wall |
| 16:23 | Construir | Palisade Wall |
| 16:28 | Construir | Watch Tower |
| 16:34 | Encolar | Villager (Male) |
| 16:42 | Construir | Farm |
| 16:42 | Encolar | Villager (Male) |
| 16:55 | Construir | Watch Tower |
| 16:58 | Encolar | Villager (Male) |
| 17:01 | Construir | Farm |
| 17:11 | Construir | Outpost |
| 17:13 | Encolar | Villager (Male) |
| 17:18 | Construir | Farm |
| 17:32 | Construir | Watch Tower |
| 17:38 | Encolar | Villager (Male) |
| 17:57 | Encolar | Villager (Male) |
| 17:59 | Construir | Farm |
| 18:01 | Construir | Farm |
| 18:11 | Encolar | Villager (Male) |
| 18:31 | Construir | Palisade Wall |
| 18:33 | Construir | Palisade Wall |
| 18:37 | Construir | Palisade Wall |
| 18:39 | Construir | Palisade Wall |
| 18:39 | Encolar | Villager (Male) |
| 18:49 | Construir | House |
| 18:53 | Construir | Palisade Wall |
| 19:09 | Construir | Mining Camp |
| 19:14 | Encolar | Villager (Male) |
| 19:21 | Construir | House |
| 19:22 | Construir | House |
| 19:28 | Construir | Watch Tower |
| 19:37 | Construir | Farm |
| 19:41 | Construir | Farm |
| 19:57 | Construir | Farm |
| 20:06 | Encolar | Villager (Male) |
| 20:31 | Construir | Palisade Wall |
| 20:44 | Construir | Market |
| 20:46 | Construir | Palisade Wall |
| 20:47 | Encolar | Villager (Male) |
| 20:50 | Construir | Farm |
| 20:56 | Construir | Watch Tower |
| 20:59 | Encolar | Villager (Male) |
| 21:09 | Construir | Palisade Wall |
| 21:11 | Construir | Palisade Wall |
| 21:19 | Construir | Farm |
| 21:21 | Construir | Farm |
| 21:29 | Construir | Watch Tower |
| 21:38 | Construir | Watch Tower |
| 21:50 | Encolar | Villager (Male) |
| 22:29 | Investigar | Castle Age |
| 22:41 | Construir | Palisade Wall |
| 23:08 | Construir | Palisade Wall |
| 23:09 | Encolar | Villager (Male) |
| 23:14 | Construir | Mining Camp |
| 23:15 | Investigar | Double-Bit Axe |
| 23:16 | Investigar | Double-Bit Axe |
| 24:05 | Construir | Barracks |
| 24:09 | Encolar | Villager (Male) |
| 24:18 | Investigar | Gold Mining |
| 24:18 | Investigar | Gold Mining |
| 24:26 | Investigar | Forging |
| 24:38 | Investigar | Scale Barding Armor |
| 24:58 | Construir | Watch Tower |
| 25:07 | Encolar | Villager (Male) |
| 25:09 | Edad | Edad de los Castillos |
Build order — seabook
Primeras 150 de 285 acciones detectadas
| 0:01 | Encolar | Villager (Male) |
| 0:02 | Construir | House |
| 0:05 | Construir | House |
| 0:13 | Encolar | Villager (Male) |
| 0:13 | Encolar | Villager (Male) |
| 0:19 | Encolar | Villager (Male) |
| 0:19 | Encolar | Villager (Male) |
| 0:26 | Encolar | Villager (Male) |
| 1:32 | Encolar | Villager (Male) |
| 1:32 | Encolar | Villager (Male) |
| 1:49 | Encolar | Villager (Male) |
| 2:43 | Construir | Lumber Camp |
| 2:46 | Construir | House |
| 3:18 | Encolar | Villager (Male) |
| 3:51 | Encolar | Villager (Male) |
| 4:17 | Encolar | Villager (Male) |
| 4:32 | Encolar | Villager (Male) |
| 4:48 | Encolar | Villager (Male) |
| 4:53 | Construir | Mill |
| 5:38 | Encolar | Villager (Male) |
| 6:03 | Investigar | Loom |
| 6:03 | Investigar | Loom |
| 6:24 | Construir | Mining Camp |
| 6:37 | Investigar | Feudal Age |
| 8:05 | Construir | Barracks |
| 8:47 | Edad | Edad Feudal |
| 8:50 | Encolar | Villager (Male) |
| 8:57 | Encolar | Villager (Male) |
| 9:08 | Encolar | Villager (Male) |
| 9:17 | Encolar | Militia |
| 9:23 | Construir | Watch Tower |
| 9:29 | Encolar | Villager (Male) |
| 9:33 | Encolar | Villager (Male) |
| 10:38 | Encolar | Villager (Male) |
| 10:44 | Construir | Mining Camp |
| 10:45 | Encolar | Villager (Male) |
| 10:48 | Encolar | Militia |
| 10:51 | Construir | House |
| 11:01 | Construir | House |
| 11:47 | Construir | Mill |
| 12:06 | Encolar | Villager (Male) |
| 12:26 | Construir | Watch Tower |
| 12:30 | Encolar | Villager (Male) |
| 12:39 | Investigar | Double-Bit Axe |
| 13:00 | Construir | Watch Tower |
| 13:11 | Encolar | Villager (Male) |
| 13:17 | Encolar | Villager (Male) |
| 13:23 | Construir | Palisade Wall |
| 13:25 | Construir | Palisade Wall |
| 13:27 | Construir | Palisade Wall |
| 13:31 | Construir | Palisade Wall |
| 13:35 | Encolar | Villager (Male) |
| 13:44 | Construir | Archery Range |
| 14:17 | Construir | Mining Camp |
| 14:18 | Encolar | Villager (Male) |
| 14:25 | Encolar | Archer |
| 14:47 | Construir | Watch Tower |
| 14:57 | Encolar | Villager (Male) |
| 15:02 | Construir | House |
| 15:03 | Encolar | Archer |
| 16:02 | Construir | Lumber Camp |
| 16:03 | Encolar | Archer |
| 16:10 | Encolar | Villager (Male) |
| 16:36 | Encolar | Archer |
| 16:43 | Encolar | Villager (Male) |
| 16:48 | Construir | House |
| 16:49 | Construir | House |
| 17:07 | Construir | Blacksmith |
| 17:32 | Encolar | Villager (Male) |
| 17:39 | Encolar | Archer |
| 17:49 | Investigar | Fletching |
| 17:49 | Investigar | Fletching |
| 17:53 | Encolar | Archer |
| 17:59 | Encolar | Villager (Male) |
| 18:07 | Construir | Lumber Camp |
| 18:12 | Encolar | Archer |
| 18:29 | Encolar | Villager (Male) |
| 18:39 | Construir | Mill |
| 18:47 | Construir | Market |
| 19:10 | Encolar | Villager (Male) |
| 19:14 | Encolar | Archer |
| 20:57 | Investigar | Castle Age |
| 20:57 | Investigar | Castle Age |
| 21:35 | Encolar | Archer |
| 21:51 | Encolar | Archer |
| 22:33 | Encolar | Archer |
| 22:54 | Construir | Mining Camp |
| 22:58 | Encolar | Archer |
| 23:24 | Construir | House |
| 23:25 | Construir | House |
| 23:37 | Edad | Edad de los Castillos |
| 23:59 | Construir | Siege Workshop |
| 24:05 | Encolar | Villager (Male) |
| 24:24 | Construir | Town Center |
| 24:35 | Encolar | Mangonel |
| 24:49 | Encolar | Mangonel |
| 25:05 | Construir | Mining Camp |
| 25:46 | Encolar | Villager (Male) |
| 25:51 | Construir | Farm |
| 25:51 | Construir | Farm |
| 25:51 | Construir | Farm |
| 25:52 | Construir | Farm |
| 25:52 | Construir | Farm |
| 25:52 | Construir | Farm |
| 25:52 | Construir | Farm |
| 26:04 | Encolar | Villager (Male) |
| 26:37 | Encolar | Mangonel |
| 26:43 | Construir | Lumber Camp |
| 26:52 | Encolar | Villager (Male) |
| 27:19 | Encolar | Mangonel |
| 27:57 | Encolar | Archer |
| 28:14 | Encolar | Archer |
| 28:14 | Encolar | Archer |
| 28:21 | Encolar | Villager (Male) |
| 28:28 | Investigar | Bodkin Arrow |
| 28:28 | Investigar | Bodkin Arrow |
| 28:49 | Construir | Castle |
| 29:07 | Encolar | Battering Ram |
| 29:09 | Encolar | Villager (Male) |
| 29:13 | Encolar | Villager (Male) |
| 29:49 | Encolar | Battering Ram |
| 30:24 | Encolar | Battering Ram |
| 30:27 | Construir | Farm |
| 30:30 | Investigar | Crossbowman (upgrade) |
| 30:30 | Investigar | Crossbowman (upgrade) |
| 30:58 | Encolar | Archer |
| 30:58 | Encolar | Archer |
| 31:09 | Construir | Monastery |
| 31:24 | Encolar | Archer |
| 31:45 | Encolar | Villager (Male) |
| 31:53 | Encolar | Monk |
| 31:59 | Encolar | Villager (Male) |
| 32:37 | Encolar | Villager (Male) |
| 32:46 | Encolar | Monk |
| 33:07 | Encolar | Villager (Male) |
| 33:10 | Encolar | Archer |
| 33:12 | Encolar | Villager (Male) |
| 33:24 | Construir | Mill |
| 33:25 | Construir | Farm |
| 33:25 | Construir | Farm |
| 33:25 | Construir | Farm |
| 33:25 | Construir | Farm |
| 33:26 | Construir | Farm |
| 33:26 | Construir | Farm |
| 33:26 | Construir | Farm |
| 33:58 | Encolar | Villager (Male) |
| 34:17 | Encolar | Villager (Male) |
| 34:29 | Encolar | Leitis |
| 34:35 | Construir | Castle |
| 35:29 | Encolar | Leitis |
Cronología de la partida
| 7:12 | Drug0s · wall_segment Palisade Wall x1 |
| 8:05 | seabook · first_building Barracks |
| 8:27 | Drug0s · age_up feudal |
| 8:47 | seabook · age_up feudal |
| 9:41 | Drug0s · wall_segment Palisade Wall x1 |
| 9:56 | Drug0s · wall_segment Palisade Wall x1 |
| 9:58 | Drug0s · wall_segment Palisade Wall x1 |
| 10:03 | Drug0s · wall_segment Palisade Wall x1 |
| 10:04 | Drug0s · wall_segment Palisade Wall x1 |
| 10:07 | Drug0s · wall_segment Palisade Wall x1 |
| 10:23 | Drug0s · wall_segment Palisade Wall x1 |
| 10:24 | Drug0s · wall_segment Palisade Wall x1 |
| 10:25 | Drug0s · wall_segment Palisade Wall x1 |
| 10:27 | Drug0s · wall_segment Palisade Wall x1 |
| 10:46 | Drug0s · wall_segment Palisade Wall x1 |
| 10:48 | Drug0s · wall_segment Palisade Wall x1 |
| 13:04 | Drug0s · wall_segment Palisade Wall x2 |
| 13:05 | Drug0s · wall_segment Palisade Wall x3 |
| 13:06 | Drug0s · wall_segment Palisade Wall x2 |
| 13:07 | Drug0s · wall_segment Palisade Wall x3 |
| 13:23 | seabook · wall_segment Palisade Wall x1 |
| 13:25 | seabook · wall_segment Palisade Wall x1 |
| 13:27 | seabook · wall_segment Palisade Wall x1 |
| 13:31 | seabook · wall_segment Palisade Wall x1 |
| 13:44 | seabook · first_building Archery Range |
| 14:19 | Drug0s · wall_segment Palisade Wall x9 |
| 15:06 | Drug0s · wall_segment Palisade Wall x1 |
| 15:07 | Drug0s · wall_segment Palisade Wall x1 |
| 16:22 | Drug0s · wall_segment Palisade Wall x8 |
| 16:23 | Drug0s · wall_segment Palisade Wall x11 |
| 18:31 | Drug0s · wall_segment Palisade Wall x1 |
| 18:33 | Drug0s · wall_segment Palisade Wall x1 |
| 18:37 | Drug0s · wall_segment Palisade Wall x1 |
| 18:39 | Drug0s · wall_segment Palisade Wall x1 |
| 18:53 | Drug0s · wall_segment Palisade Wall x13 |
| 19:32 | seabook · first_market_sell 100 stone |
| 19:37 | seabook · first_market_buy 100 food |
| 20:31 | Drug0s · wall_segment Palisade Wall x1 |
| 20:46 | Drug0s · wall_segment Palisade Wall x1 |
| 21:09 | Drug0s · wall_segment Palisade Wall x1 |
| 21:11 | Drug0s · wall_segment Palisade Wall x2 |
| 21:47 | Drug0s · first_market_sell 500 stone |
| 21:48 | Drug0s · first_market_buy 100 food |
| 22:41 | Drug0s · wall_segment Palisade Wall x1 |
| 23:08 | Drug0s · wall_segment Palisade Wall x1 |
| 23:37 | seabook · age_up castle |
| 23:59 | seabook · first_building Siege Workshop |
| 24:05 | Drug0s · first_building Barracks |
| 25:09 | Drug0s · age_up castle |
| 25:22 | Drug0s · first_building Stable |
| 28:49 | seabook · first_building Castle |
| 31:09 | seabook · first_building Monastery |
| 31:32 | Drug0s · first_building Siege Workshop |
| 32:29 | Drug0s · first_building Monastery |
| 36:56 | Drug0s · wall_segment Palisade Wall x1 |
| 41:33 | seabook · wall_segment Palisade Wall x1 |
| 41:35 | seabook · wall_segment Palisade Wall x1 |
| 47:00 | seabook · wall_segment Palisade Wall x1 |
| 53:34 | Drug0s · first_building Castle |
| 58:25 | seabook · resign |
[ ANÁLISIS IA · 1 CRÉDITO ]
¿Qué pasó realmente en esta partida?
Wolo.gg analiza cada decisión: build order, eco, micro, errores típicos por bracket. Análisis personalizado por WhatsApp o Discord en 30 segundos.
Guía civ
Teutones
Perfil
Drug0s